 Dungeon Crawl Stone Soup version 0.31-a0-174-g85c54bcb58 (webtiles) character file.

Game seed: 5403880947586609657

114 qw the Shooter (level 4, 0/42 HPs)
             Began as a Naga Hunter on June 15, 2023.
             Killed by divine providence
             ... invoked by an orc priest
              (11 damage)
             ... on level 3 of the Dungeon.
             The game lasted 00:00:36 (1735 turns).

qw the Shooter (Naga Hunter)                        Turns: 1735, Time: 00:00:37

Health: 0/42       AC:  3    Str: 14    XL:     4   Next: 97%
Magic:  4/4        EV:  9    Int:  9    God:
Gold:   58         SH:  0    Dex: 16    Spells: 3/3 levels left

rFire   . . .        Y - +0 shortbow
rCold   . . .        (shield currently unavailable)
rNeg    . . .        c - +0 leather armour
rPois   +            b - +0 helmet
rElec   .            (no cloak)
rCorr   .            (no gloves)
SInv    +            (no barding)
Will    .....        e - amulet of faith
Stlth   ++           (no ring)
HPRegen 0.27/turn    (no ring)
MPRegen 0.09/turn

%: faith
@: very slow
A: AC +1, large, see invisible, deformed body, poison resistance, slowness 2,
spit poison 1, naga tail 1
a: Spit Poison


You were on level 3 of the Dungeon.
You visited 1 branch of the dungeon, and saw 3 of its levels.

You collected 58 gold pieces.


Innate Abilities, Weirdness & Mutations

Your serpentine skin is tough. (AC +1)
You have supernaturally acute eyesight. (SInv)
Armour fits poorly on your strangely shaped body.
Your system is resistant to poisons. (rPois)
You cover ground very slowly.
You can spit poison.
You have a snake-like lower body.


   Skills:
 - Level 3.0 Fighting
 + Level 5.1 Ranged Weapons
 - Level 1.5 Dodging
 - Level 1.5 Stealth


You had 3 spell levels left.
You didn't know any spells.
Your spell library was empty.

Inventory:

Hand Weapons
 Y - a +0 shortbow (weapon)
Armour
 b - a +0 helmet (worn)
 c - a +0 leather armour (worn)
Jewellery
 e - an amulet of faith (around neck)
Scrolls
 a - a scroll of identify
 d - a scroll of teleportation {unknown}

Dungeon Overview and Level Annotations

Branches:
Dungeon (3/15)

Altars:


Message History

The orc wizard flickers and vanishes for a moment.
You shoot an arrow. The arrow barely misses the orc.
The arrow hits the shadow imp.
The shadow imp is moderately wounded.
You shoot an arrow. The arrow hits the orc wizard.
The orc wizard is lightly wounded.
The orc priest casts a cantrip, but nothing happens.
You shoot an arrow. The arrow hits the orc.
The orc is almost dead.
The orc priest mumbles some strange prayers to Beogh against you.
Beogh smites you!
You shoot an arrow. The arrow closely misses the orc.
The arrow hits the shadow imp.
The shadow imp is heavily wounded.
You have got your breath back.
The orc hits you with a +0 dagger.
1731 ||| INVOKING Spit Poison.
Aiming: Spit Poison (1% risk of failure)
Press: ? - help, Shift-Dir - straight line, f/p - orc The splash of poison hits the orc.
The orc is poisoned.
You kill the orc!
You shoot an arrow. The arrow completely misses the orc.
The arrow barely misses the shadow imp.
The orc hits you but does no damage.
The orc priest mumbles some strange prayers to Beogh against you.
Beogh smites you!
You shoot an arrow. The arrow hits the orc.
The orc is heavily wounded.
The orc barely misses you.
You shoot an arrow. The arrow closely misses the orc.
The arrow hits the shadow imp.
The shadow imp is heavily wounded.
The orc hits you with a +0 dagger.
The orc priest casts a cantrip, but nothing happens.
You shoot an arrow. The arrow hits the orc wizard.
The orc wizard is lightly wounded.
You have got your breath back.
The orc priest mumbles some strange prayers to Beogh against you.
Beogh smites you!
You die...

####### ......# #####.#
#.# #.# #.# #####
#####.############o...!.
................@o5.?...
#####.############S####.
#.# o. #.# ..# #.# )# ##
#.# # .# #.# .####.#
...##.##


You could see an orc priest, an orc wizard (invisible), a shadow imp, an orc and
a ball python.

Vanquished Creatures
  Robin (D:2)
  4 adders (D:2)
  An orc (D:3)
  3 bats
  3 endoplasms
  3 giant cockroaches
  11 goblins
  10 hobgoblins
  6 jackals
  5 kobolds
  2 quokkas
  3 ball pythons (D:1)
  2 frilled lizards
  5 rats
59 creatures vanquished.

Notes
Turn   | Place    | Note
-------+----------+-------------------------------------------
     0 | D:1      | qw the Naga Hunter began the quest for the Orb.
     0 | D:1      | Reached XP level 1. HP: 19/19 MP: 1/1
     0 | D:1      | 0 ||| qw: Version: 0.2-a-29-g511e9b1
     0 | D:1      | 0 ||| qw: Game counter: 5288
     0 | D:1      | 0 ||| qw: Always use a shield: true
     0 | D:1      | 0 ||| qw: God list: Okawaru
     0 | D:1      | 0 ||| qw: Allow faded altars: false
     0 | D:1      | 0 ||| qw: Do Orc after D:15 true
     0 | D:1      | 0 ||| qw: Do second Lair branch before Depths: true
     0 | D:1      | 0 ||| qw: Lair rune preference: random
     0 | D:1      | 0 ||| qw: Plans: Normal
     0 | D:1      | 0 ||| PLANNING D:1-11
    44 | D:1      | 44 ||| INVOKING Spit Poison.
    49 | D:1      | 49 ||| INVOKING Spit Poison.
    56 | D:1      | 56 ||| INVOKING Spit Poison.
    63 | D:1      | Reached skill level 4 in Ranged Weapons
    63 | D:1      | Reached XP level 2. HP: 26/26 MP: 2/2
    74 | D:1      | 74 ||| INVOKING Spit Poison.
    86 | D:1      | 86 ||| INVOKING Spit Poison.
    91 | D:1      | 91 ||| INVOKING Spit Poison.
    99 | D:1      | 99 ||| INVOKING Spit Poison.
   104 | D:1      | 104 ||| INVOKING Spit Poison.
   107 | D:1      | 107 ||| INVOKING Spit Poison.
   206 | D:1      | 206 ||| INVOKING Spit Poison.
   211 | D:1      | 211 ||| INVOKING Spit Poison.
   217 | D:1      | 217 ||| INVOKING Spit Poison.
   220 | D:1      | 220 ||| INVOKING Spit Poison.
   297 | D:1      | 297 ||| INVOKING Spit Poison.
   302 | D:1      | 302 ||| INVOKING Spit Poison.
   395 | D:1      | 395 ||| INVOKING Spit Poison.
   396 | D:1      | Reached XP level 3. HP: 32/32 MP: 3/3
   618 | D:1      | 618 ||| READING 2 scrolls labelled JOFFYNE GYSOI.
   619 | D:1      | 619 ||| DROPPING scroll of butterflies.
   652 | D:2      | 652 ||| INVOKING Spit Poison.
   658 | D:2      | 658 ||| INVOKING Spit Poison.
   661 | D:2      | 661 ||| INVOKING Spit Poison.
   667 | D:2      | 667 ||| INVOKING Spit Poison.
   673 | D:2      | 673 ||| INVOKING Spit Poison.
   702 | D:2      | 702 ||| INVOKING Spit Poison.
   707 | D:2      | 707 ||| INVOKING Spit Poison.
   784 | D:2      | 784 ||| INVOKING Spit Poison.
   806 | D:2      | 806 ||| INVOKING Spit Poison.
   814 | D:2      | 814 ||| INVOKING Spit Poison.
   936 | D:2      | 936 ||| INVOKING Spit Poison.
   937 | D:2      | Reached skill level 5 in Ranged Weapons
   957 | D:2      | 957 ||| INVOKING Spit Poison.
   958 | D:2      | Reached XP level 4. HP: 39/39 MP: 4/4
  1236 | D:2      | 1236 ||| INVOKING Spit Poison.
  1239 | D:2      | 1239 ||| INVOKING Spit Poison.
  1248 | D:2      | 1248 ||| INVOKING Spit Poison.
  1263 | D:2      | 1263 ||| INVOKING Spit Poison.
  1575 | D:2      | 1575 ||| UPGRADING to amulet of faith.
  1580 | D:2      | 1580 ||| READING scroll labelled DOITIZ MUAB.
  1581 | D:2      | 1581 ||| READING scroll labelled TIOLOO IJOQE.
  1592 | D:3      | 1592 ||| PLANNING SEWER
  1594 | D:3      | 1594 ||| INVOKING Spit Poison.
  1597 | D:3      | 1597 ||| INVOKING Spit Poison.
  1603 | D:3      | 1603 ||| INVOKING Spit Poison.
  1606 | D:3      | 1606 ||| INVOKING Spit Poison.
  1607 | D:3      | Noticed Robin
  1609 | D:3      | 1609 ||| INVOKING Spit Poison.
  1612 | D:3      | 1612 ||| INVOKING Spit Poison.
  1613 | D:3      | Reached skill level 3 in Fighting
  1616 | D:3      | 1616 ||| STAIRDANCE
  1618 | D:2      | 1618 ||| INVOKING Spit Poison.
  1618 | D:2      | Killed Robin
  1640 | D:2      | 1640 ||| UPGRADING to +0 helmet.
  1648 | D:3      | 1648 ||| INVOKING Spit Poison.
  1722 | D:3      | 1722 ||| INVOKING Spit Poison.
  1726 | D:3      | 1726 ||| INVOKING Spit Poison.
  1731 | D:3      | 1731 ||| INVOKING Spit Poison.
  1735 | D:3      | Killed from afar by an orc priest

Levels and vault maps discovered:
D:1:      psy_arrival_basics, layout_basic, amethyst_killhole,
          kennysheep_flooded_box, chequers_mini_garden
D:2:      layout_basic
D:3:      minmay_chambers_of_twos, layout_basic,
          beargit_hepliaklqana_dungeon_heroes, portal_sewer_entry_e,
          uniq_terence, uniq_robin

Skill      XL: |  1  2  3  4 |
---------------+-------------+-----
Ranged Weapons | 4 5 |  5.1
Fighting       | 3 |  3.0
Dodging        | |  1.5
Stealth        | |  1.5

Action                     |  1- 3 |  4- 6 || total
---------------------------+-------+-------++-------
   Fire: Shortbow          |    61 |    50 ||   111
Ability: Spit Poison       |    28 |    15 ||    43
    Use: Scroll            |     1 |     2 ||     3
 Armour: Leather armour    |     8 |     3 ||    11
  Dodge: Dodged            |    39 |     6 ||    45

Table legend:
 A = Non-vault XP
 B = Vault XP
 C = Vault XP percentage of total XP
 D = Non-vault monster count
 E = Vault monster count
 F = Vault count percentage of total count
                 A         B        C        D         E       F
            +---------+---------+-------+---------+---------+-------
      Total |     126 |      37 |  22.7 |      47 |      12 |  20.3
            +---------+---------+-------+---------+---------+-------
        D:1 |      36 |       0 |   0.0 |      21 |       0 |   0.0
        D:2 |      83 |      15 |  15.3 |      23 |       1 |   4.2
        D:3 |       7 |      22 |  75.9 |       3 |      11 |  78.6
            +---------+---------+-------+---------+---------+-------
